 Dungeon Crawl Stone Soup version 0.22-a0-779-g6f83d72c62 (webtiles) character file.

6288 Mirvelgyr the Severer (level 10, -1/78 HPs)
             Began as a Minotaur Berserker on July 19, 2018.
             Was an Elder of Trog.
             Slain by a hornet (6 damage)
             ... while paralysed by a hornet
             ... on level 9 of the Dungeon.
             The game lasted 00:08:43 (6776 turns).

Mirvelgyr the Severer (Minotaur Berserker)          Turns: 6776, Time: 00:08:44

Health: -1/78      AC: 17    Str: 25    XL:     10   Next: 63%
Magic:  0/9        EV:  2    Int:  4    God:    Trog [****..]
Gold:   532        SH:  0    Dex: 10    Spells: 9/9 levels left

rFire    . . .     SeeInvis .   y - +2 battleaxe (freeze)
rCold    . . .     Gourm    .   (shield currently unavailable)
rNeg     + . .     Faith    .   a - +0 plate armour
rPois    .         Spirit   +   (helmet restricted)
rElec    .         Reflect  .   p - +0 cloak
rCorr    .         Harm     .   (no gloves)
MR       .....                  (no boots)
Stlth    ..........             q - amulet of guardian spirit
HPRegen  0.23/turn              w - ring of positive energy
MPRegen  0.11/turn              u - +5 ring of protection

@: paralysed, lethally poisoned (-1 -> -12), slowed
A: retaliatory headbutt, horns 2
a: Berserk, Trog's Hand, Brothers in Arms, Renounce Religion


You were on level 9 of the Dungeon.
You worshipped Trog.
Trog was greatly pleased with you.
You were not hungry.

You visited 1 branch of the dungeon, and saw 9 of its levels.

You collected 532 gold pieces.

Inventory:

Hand Weapons
 y - a +2 battleaxe of freezing (weapon)
Armour
 a - a +0 plate armour (worn)
 p - a +0 cloak (worn)
Jewellery
 q - an amulet of guardian spirit (around neck)
 u - a +5 ring of protection (right hand)
 w - a ring of positive energy (left hand)
Wands
 v - a wand of disintegration (16)
Scrolls
 b - a scroll of immolation {unknown}
 d - 12 scrolls of identify
 g - 4 scrolls of magic mapping
 i - 3 scrolls of remove curse
 j - 5 scrolls of enchant weapon {unknown}
 k - 6 scrolls of teleportation {unknown}
 o - 2 scrolls of fear {unknown}
 r - 3 scrolls of amnesia {unknown}
 x - a scroll of vulnerability {unknown}
Potions
 e - a potion of agility {unknown}
 f - a potion of brilliance {unknown}
 h - a potion of lignification {unknown}
 l - 4 potions of berserk rage {unknown}
 m - a potion of curing
 n - a potion of haste
 t - a potion of resistance {unknown}
Comestibles
 c - 16 rations


   Skills:
 - Level 3.6 Fighting
 + Level 18.0 Axes
 - Level 2.4 Armour
 - Level 2.2 Dodging


You had 9 spell levels left.
You didn't know any spells.
Your spell library was empty.

Dungeon Overview and Level Annotations

Branches:
Dungeon (9/15)             Temple (0/1) D:5
   Lair: D:8-11         Orc: D:9-12

Altars:
Fedhas
Kikubaaqudgha
Nemelex Xobeh
Qazlal
Ru
Uskayaw
Vehumet
Xom
Yredelemnul

Shops:
D:8 [


Innate Abilities, Weirdness & Mutations

You reflexively headbutt those who attack you in melee.
You have a pair of horns on your head.


Message History

The hornet barely misses you.
You hit the hornet but do no damage. You headbutt the hornet!
The hornet is severely wounded.
The hornet stings you.
You are poisoned.
You shrug off the repeated paralysis!
The hornet stings you!
* * * LOW HITPOINT WARNING * * *
You are lethally poisoned!
You feel as though you will be slow longer.
You closely miss the hornet.
The hornet is severely wounded.
* * * LOW HITPOINT WARNING * * *
You feel sick.
The hornet stings you but does no damage.
The hornet stings you!
* * * LOW HITPOINT WARNING * * *
You suddenly lose the ability to move!
* * * LOW HITPOINT WARNING * * *
You feel sick. The hornet stings you!
You die...

.#..............#
.#..............######
#####+###............#
..........####.##
......##### ##..#
....####.#.# #.#.##
.... #.#.##.#..# ..
#y#....#.# #@##..#.#
####..#.# ##.#.# #.#.#
#.#.# .#.#


You could see a hornet.

Vanquished Creatures
  A two-headed ogre (D:7)
  Maurice (D:8)
  Joseph (D:8)
  Psyche (D:8)
  A hornet (D:9)
  2 hippogriffs (D:7)
  A hungry ghost (D:8)
  A basilisk (D:8)
  A steam dragon (D:4)
  A soldier ant (D:9)
  A water moccasin (D:5)
  An ice beast (D:5)
  2 sky beasts
  2 necrophages
  An orc warrior (D:9)
  4 ogres
  A phantom (D:9)
  4 centaurs
  A big kobold (D:9)
  7 bullfrogs
  A scorpion (D:5)
  4 killer bees (D:7)
  5 wights (D:7)
  A crimson imp (D:5)
  6 hounds
  2 quasits
  2 jellies
  A gnoll shaman (D:6)
  A centaur zombie (D:7)
  2 centaur skeletons
  Jessica (D:3)
  A bullfrog skeleton (D:5)
  2 orc wizards (D:9)
  Natasha (D:3)
  10 worker ants
  A hound zombie (D:5)
  6 gnolls
  9 adders
  An adder skeleton (D:4)
  A dart slug (D:1)
  4 worms
  9 leopard geckos
  8 orcs
  3 giant cockroaches
  3 goblins
  10 hobgoblins
  14 jackals
  A quokka (D:2)
  A ball python (D:2)
  5 bats
  4 frilled lizards
  2 gnoll zombies (D:8)
  A jackal zombie (D:7)
  9 kobolds
  6 rats
173 creatures vanquished.

Notes
Turn   | Place    | Note
-------+----------+-------------------------------------------
     0 | D:1      | Mirvelgyr the Minotaur Berserker began the quest for the Orb.
     0 | D:1      | Reached XP level 1. HP: 19/19 MP: 0/0
   175 | D:1      | Reached skill level 4 in Axes
   176 | D:1      | Reached XP level 2. HP: 27/27 MP: 1/1
   608 | D:2      | Reached skill level 5 in Axes
   611 | D:2      | Reached XP level 3. HP: 29/33 MP: 2/2
   870 | D:2      | Reached ** piety under Trog
  1070 | D:2      | Found a stormy altar of Qazlal.
  1070 | D:2      | Noticed an earth elemental
  1071 | D:2      | Noticed a water elemental
  1071 | D:2      | Noticed an air elemental
  1071 | D:2      | Noticed a fire elemental
  1192 | D:2      | Reached XP level 4. HP: 37/40 MP: 3/3
  1242 | D:2      | Found a stormy altar of Qazlal.
  1519 | D:3      | Reached skill level 6 in Axes
  1551 | D:3      | Found a sacrificial altar of Ru.
  1846 | D:3      | Found a blossoming altar of Fedhas.
  1958 | D:3      | Noticed Natasha
  1970 | D:3      | Killed Natasha
  1970 | D:3      | Reached skill level 7 in Axes
  1970 | D:3      | Reached XP level 5. HP: 46/46 MP: 4/4
  2046 | D:3      | Found a hide-covered altar of Uskayaw.
  2048 | D:3      | Noticed a hand axe
  2048 | D:3      | Noticed a dagger
  2104 | D:3      | Noticed Jessica
  2110 | D:3      | Killed Jessica
  2133 | D:3      | Found a sparkling altar of Nemelex Xobeh.
  2325 | D:4      | Reached *** piety under Trog
  2326 | D:4      | Reached skill level 8 in Axes
  2389 | D:4      | Noticed a steam dragon
  2401 | D:4      | Killed a steam dragon
  2401 | D:4      | Reached XP level 6. HP: 9/52 MP: 2/5
  2501 | D:4      | Reached skill level 9 in Axes
  3049 | D:5      | Entered Level 5 of the Dungeon
  3061 | D:5      | Reached XP level 7. HP: 57/58 MP: 4/6
  3114 | D:5      | Reached skill level 10 in Axes
  3287 | D:5      | Found a blossoming altar of Fedhas.
  3327 | D:5      | Found a staircase to the Ecumenical Temple.
  3395 | D:5      | Reached skill level 11 in Axes
  3547 | D:5      | Reached XP level 8. HP: 66/66 MP: 7/7
  3685 | D:6      | Reached skill level 12 in Axes
  4320 | D:7      | Noticed a hippogriff
  4328 | D:7      | Killed a hippogriff
  4328 | D:7      | Reached skill level 13 in Axes
  4344 | D:7      | Noticed a hippogriff
  4355 | D:7      | Killed a hippogriff
  4388 | D:7      | Reached XP level 9. HP: 71/71 MP: 8/8
  4466 | D:7      | Reached **** piety under Trog
  4471 | D:7      | Reached skill level 14 in Axes
  4526 | D:7      | Noticed a two-headed ogre
  4534 | D:7      | Killed a two-headed ogre
  4534 | D:7      | Reached skill level 15 in Axes
  5354 | D:8      | Noticed Joseph
  5369 | D:8      | Killed Joseph
  5369 | D:8      | Reached skill level 16 in Axes
  5620 | D:8      | Noticed Maurice
  5632 | D:8      | Killed Maurice
  5632 | D:8      | Reached XP level 10. HP: 78/78 MP: 9/9
  5711 | D:8      | Noticed Psyche
  5724 | D:8      | Paralysed by Psyche for 5 turns
  5733 | D:8      | Killed Psyche
  5808 | D:8      | Found Igyta's Antique Armour Boutique.
  5888 | D:8      | Reached skill level 17 in Axes
  5917 | D:8      | Found a shimmering altar of Xom.
  5917 | D:8      | Found a radiant altar of Vehumet.
  6304 | D:8      | Found a basalt altar of Yredelemnul.
  6389 | D:9      | Found a hide-covered altar of Uskayaw.
  6426 | D:9      | Found an ancient bone altar of Kikubaaqudgha.
  6764 | D:9      | Reached skill level 18 in Axes
  6765 | D:9      | Paralysed by a hornet for 3 turns
  6770 | D:9      | Paralysed by a hornet for 3 turns
  6775 | D:9      | Paralysed by a hornet for 2 turns
  6776 | D:9      | Slain by a hornet

Vault maps used:
D:1:      saegor_arrival_under_anarchy
D:2:      nicolae_qazlal_style_of_elements, first_ration, kennysheep_flooded_box
D:3:      dancing_weapons_uskayaw, nemelex_altar_shiori, lemuel_crystal_altar,
          overflow_temple_1_default, kennysheep_generic_room_6, uniq_natasha,
          uniq_jessica
D:4:      cheibrodos_gnoll_hut
D:5:      minmay_temple_entry_hall, fedhas_altar_1
D:6:      eino_small_chamber_without_monster, grunt_decor_arrowhead
D:7:      uniq_crazy_yiuf_cottage
D:8:      lemuel_zombie_altar_yredelemnul,
          chequers_temple_overflow_statue_of_worship, serial_shops, shop,
          uniq_maurice, uniq_joseph, uniq_psyche
D:9:      kiku_gazebo_garden_becter, nicolae_dithmenos_through_a_glass_darkly,
          basic_altar, hangedman_pestilent_swarm

Skill      XL: |  1  2  3  4  5  6  7  8  9 10 |
---------------+-------------------------------+-----
Axes           | 4 5 7 8 9 11 13 16 18 | 18.0
Fighting       | |  3.6
Armour         | |  2.4
Dodging        | |  2.2

Action                   |  1- 3 |  4- 6 |  7- 9 | 10-12 || total
-------------------------+-------+-------+-------+-------++-------
Melee: Hand axe          |    72 |   119 |   220 |   109 ||   520
       Headbutt          |    11 |    16 |    41 |    20 ||    88
       Battleaxe         |       |       |       |    27 ||    27
       Unarmed           |       |       |       |     4 ||     4
Invok: Berserk           |       |       |     3 |       ||     3
       Trog's Hand       |       |       |       |     3 ||     3
  Use: Scroll            |       |       |     3 |       ||     3
       Potion            |       |       |       |     4 ||     4
  Eat: Chunk             |     1 |     6 |    10 |     6 ||    23
       Ration            |       |       |       |     1 ||     1
Armor: Animal skin       |     1 |       |       |       ||     1
       Leather armour    |    12 |    11 |       |       ||    23
       Plate armour      |       |    48 |   130 |    63 ||   241
Dodge: Dodged            |    46 |    54 |    57 |    28 ||   185

Table legend:
 A = Spawn XP
 B = Non-spawn XP
 C = Spawn XP percentage of total XP
 D = Spawn monster count
 E = Non-spawn monster count
 F = Spawn count percentage of total count
 G = Total turns spent on level
                    A         B        C        D         E        F      G
               +---------+---------+-------+---------+---------+-------+---------
         Total |       0 |    8984 |   0.0 |       0 |     173 |   0.0 |  6776
               +---------+---------+-------+---------+---------+-------+---------
           D:1 |       0 |      29 |   0.0 |       0 |      15 |   0.0 |   598
           D:2 |       0 |      68 |   0.0 |       0 |      23 |   0.0 |   824
           D:3 |       0 |     165 |   0.0 |       0 |      28 |   0.0 |   891
           D:4 |       0 |     464 |   0.0 |       0 |      11 |   0.0 |   736
           D:5 |       0 |     860 |   0.0 |       0 |      18 |   0.0 |   601
           D:6 |       0 |     623 |   0.0 |       0 |      12 |   0.0 |   632
           D:7 |       0 |    2544 |   0.0 |       0 |      31 |   0.0 |  1006
           D:8 |       0 |    3023 |   0.0 |       0 |      20 |   0.0 |  1050
           D:9 |       0 |    1208 |   0.0 |       0 |      15 |   0.0 |   438
               +---------+---------+-------+---------+---------+-------+---------
